 Dungeon Crawl Stone Soup version 0.29.0-4-gdea44cf6ec (webtiles) character file.

Game seed: 2276394433927799349

109 qw the Chopper (level 4, -1/26 HPs)
             Began as a Tengu Warper on Aug 28, 2022.
             Slain by a gnoll
             ... wielding a +0 halberd
              (9 damage)
             ... on level 3 of the Dungeon.
             The game lasted 00:00:13 (2623 turns).

qw the Chopper (Tengu Warper)                       Turns: 2623, Time: 00:00:14

Health: -1/26      AC:  3    Str: 14    XL:     4   Next: 90%
Magic:  8/8        EV: 12    Int: 13    God:
Gold:   105        SH:  0    Dex: 13    Spells: 7/7 levels left

rFire   . . .      SeeInvis +   Y - +1 hand axe
rCold   . . .      Faith    .   (no shield)
rNeg    . . .      Spirit   .   b - +0 leather armour
rPois   .          Reflect  .   (helmet restricted)
rElec   .          Harm     .   (no cloak)
rCorr   .          Rampage  .   (no gloves)
Will    .....                   (boots unavailable)
Stlth   +.........              (no amulet)
HPRegen 0.08/turn               i - ring of see invisible
MPRegen 0.11/turn               (no ring)

@: no status effects
A: beak, talons 3
a: no special abilities


You were on level 3 of the Dungeon.
You visited 1 branch of the dungeon, and saw 3 of its levels.

You collected 160 gold pieces.
You spent 55 gold pieces at shops.


Innate Abilities, Weirdness & Mutations

You have a beak for a mouth.
You have claws for feet.


   Skills:
 - Level 2.0 Fighting
 + Level 5.4 Axes
 - Level 1.0 Throwing
 - Level 1.1 Armour
 - Level 2.1 Dodging
 - Level 2.0 Spellcasting
 - Level 2.4 Translocations


You had 7 spell levels left.
You didn't know any spells.
Your spell library contained the following spells:

 Spells                   Type           Power      Damage    Failure   Level
 Blink                    Tloc           14%        N/A       19%         2
 Gell's Gravitas          Tloc           7%         N/A       34%         3
 Lesser Beckoning         Tloc           7%         N/A       34%         3
 Teleport Other           Tloc           7%         N/A       34%         3
 Manifold Assault         Tloc           7%         N/A       97%         5

Inventory:

Hand Weapons
 h - a +0 whip
 Y - a +1 hand axe (weapon)
Armour
 b - a +0 leather armour (worn)
 g - a +0 ring mail
Jewellery
 d - a +6 ring of dexterity
 i - a ring of see invisible (left hand)
 j - a ring of see invisible
Scrolls
 e - a scroll of teleportation
 f - 2 scrolls of identify
 l - a scroll of enchant armour
Potions
 a - a potion of heal wounds
 c - 4 potions of curing
 k - a potion of berserk rage {unknown}

Dungeon Overview and Level Annotations

Branches:
Dungeon (3/15)

Altars:
Trog
Vehumet

Shops:
D:3 ?

Annotations:
D:3 Ijyb


Message History

You see here a wand of roots (5).
You open the door.
There is an open door here.
Found a robe.
You now have 105 gold pieces (gained 10).
You open the large door.
Ijyb, a quokka and a gnoll come into view.
Ijyb is wielding a +0 club, wearing a +3 leather armour of fire resistance and carrying a wand of mindburst (17).
Ijyb shouts!
The gnoll shouts!
You hear an angry hiss.
A gnoll comes into view. It is wielding a +0 flail.
A gnoll comes into view. It is wielding a +0 halberd.
Ijyb zaps a wand.
Your mind is blasted!
Ouch! That really hurt!
Enter note:
Enter note:
Enter note: A hobgoblin and a gnoll come into view.
Found a scroll labelled FECVYM VUOGINU.
The gnoll shouts! x2
A goblin comes into view. It is wielding a +0 dagger.
A ball python comes into view.
There is a large open door here.
The ball python hisses angrily.
A kobold comes into view. It is wielding a +0 club.
You closely miss the gnoll. You peck the gnoll.
The gnoll is lightly wounded.
A ball python comes into view.
The gnoll closely misses you.
Ijyb screams, "It's all mine!"
You hit the gnoll but do no damage. You claw the gnoll.
The gnoll is lightly wounded.
You hit the quokka.
The quokka bites you but does no damage.
The quokka bites you. The gnoll hits you with a +0 whip.
You closely miss the quokka. Your kick misses the quokka.
The quokka is severely wounded.
You hit Ijyb but do no damage. You closely miss the gnoll.
The quokka bites you but does no damage.
The gnoll hits you from afar with a +0 halberd!
You die...

.............
...........#............
...........##.##........
...KS......##.......####
.....g.....######.#...##
....Sg...... #.......
.....g.g..############).
......gg..#.............
......r@..#......###....
......g.'#######.# #....
........'...# #.# #.#..
........###.# #.# #...#
........# #.# ##.#######
........# #.# #.........
........# #.###...######
........# #.............
......? #....[.....###


You could see Ijyb, 4 gnolls, a quokka, a hobgoblin, a goblin, 2 ball pythons
and a kobold.

Vanquished Creatures
  A statue (D:3)
  4 adders (D:2)
  An orc (D:3)
  4 ball pythons
  5 endoplasms (D:1)
  2 giant cockroaches
  5 goblins
  8 hobgoblins
  2 quokkas
  2 bats
  2 frilled lizards
  8 kobolds
  5 rats (D:1)
49 creatures vanquished.

Notes
Turn   | Place    | Note
-------+----------+-------------------------------------------
     0 | D:1      | qw the Tengu Warper began the quest for the Orb.
     0 | D:1      | Reached XP level 1. HP: 12/12 MP: 4/4
     0 | D:1      | 0 ||| qw: Version: 0.1-a-89-g26bdef1
     0 | D:1      | 0 ||| qw: Game counter: 157
     0 | D:1      | 0 ||| qw: Always use a shield: true
     0 | D:1      | 0 ||| qw: God list: Okawaru
     0 | D:1      | 0 ||| qw: Allow faded altars: false
     0 | D:1      | 0 ||| qw: Do Orc after D:15 true
     0 | D:1      | 0 ||| qw: Do second Lair branch before Depths: true
     0 | D:1      | 0 ||| qw: Lair rune preference: random
     0 | D:1      | 0 ||| qw: Plans: Normal
     0 | D:1      | 0 ||| PLANNING D:1-11
   247 | D:1      | 247 ||| Stepping ~*~*~tactically~*~*~ (stealth).
   263 | D:1      | Reached XP level 2. HP: 17/17 MP: 6/6
   318 | D:1      | Reached skill level 3 in Axes
   468 | D:1      | 468 ||| Stepping ~*~*~tactically~*~*~ (stealth).
   473 | D:1      | 473 ||| Stepping ~*~*~tactically~*~*~ (stealth).
   568 | D:1      | 568 ||| Stepping ~*~*~tactically~*~*~ (stealth).
   574 | D:1      | Reached XP level 3. HP: 21/21 MP: 7/7
   639 | D:1      | 639 ||| UPGRADING to ring of see invisible.
   640 | D:1      | 640 ||| READING scroll labelled ONAOWUTSIWNA.
   641 | D:1      | 641 ||| READING 5 scrolls labelled YTOOSA TANYUN.
   642 | D:1      | 642 ||| READING scroll labelled ONOGESTI GIDOO.
   643 | D:1      | 643 ||| READING 2 scrolls labelled XUAGAV ZUCWI.
   644 | D:1      | 644 ||| READING scroll labelled OPENWY UROVY.
   645 | D:1      | 645 ||| READING scroll labelled ZEMIL POTAXT.
   648 | D:1      | 648 ||| READING 4 scrolls of identify.
   648 | D:1      | 648 ||| IDENTIFYING orange potion
   649 | D:1      | 649 ||| READING 3 scrolls of identify.
   649 | D:1      | 649 ||| IDENTIFYING blue potion
   650 | D:1      | 650 ||| DROPPING scroll of blinking.
   651 | D:1      | 651 ||| DROPPING potion of lignification.
   652 | D:1      | 652 ||| DROPPING potion of flight.
   692 | D:2      | 692 ||| STAIRDANCE
   832 | D:2      | Reached skill level 4 in Axes
  1105 | D:2      | 1105 ||| Stepping ~*~*~tactically~*~*~ (stealth).
  1113 | D:2      | Reached XP level 4. HP: 8/26 MP: 8/8
  1114 | D:2      | HP: 6/26 [poisoned by an adder]
  1261 | D:2      | 1261 ||| Stepping ~*~*~tactically~*~*~ (stealth).
  1268 | D:2      | 1268 ||| Stepping ~*~*~tactically~*~*~ (stealth).
  1506 | D:2      | Found a bloodstained altar of Trog.
  1534 | D:2      | 1534 ||| Stepping ~*~*~tactically~*~*~ (stealth).
  1607 | D:2      | 1607 ||| Stepping ~*~*~tactically~*~*~ (stealth).
  1609 | D:2      | 1609 ||| Stepping ~*~*~tactically~*~*~ (stealth).
  1617 | D:2      | 1617 ||| Stepping ~*~*~tactically~*~*~ (stealth).
  1629 | D:2      | 1629 ||| Stepping ~*~*~tactically~*~*~ (stealth).
  1649 | D:2      | 1649 ||| Stepping ~*~*~tactically~*~*~ (stealth).
  1650 | D:2      | 1650 ||| Stepping ~*~*~tactically~*~*~ (stealth).
  1662 | D:2      | 1662 ||| Stepping ~*~*~tactically~*~*~ (stealth).
  1976 | D:2      | 1976 ||| READING 3 scrolls of identify.
  1976 | D:2      | 1976 ||| IDENTIFYING fuming clear potion
  1977 | D:2      | 1977 ||| READING 2 scrolls of identify.
  1977 | D:2      | 1977 ||| IDENTIFYING sedimented orange potion
  1988 | D:3      | Found Xaeconle's Magic Scroll Boutique.
  2000 | D:3      | Reached skill level 5 in Axes
  2014 | D:3      | 2014 ||| BUYING scroll of identify (22 gold).
  2014 | D:3      | Bought a scroll of identify for 22 gold pieces
  2014 | D:3      | 2014 ||| BUYING scroll of teleportation (33 gold).
  2014 | D:3      | Bought a scroll of teleportation for 33 gold pieces
  2229 | D:3      | Found a radiant altar of Vehumet.
  2229 | D:3      | Noticed a charred statue
  2245 | D:3      | Killed a charred statue
  2330 | D:3      | 2330 ||| Stepping ~*~*~tactically~*~*~ (stealth).
  2618 | D:3      | Noticed Ijyb
  2623 | D:3      | Slain by a gnoll

Levels and vault maps discovered:
D:1:      erik_arrival_orb_chamber, layout_rooms, st_stairs_2
D:2:      layout_loops_cross, basic_altar
D:3:      layout_basic, vehumet_statue, serial_shops,
          nicolae_shop_advertising_works [nicolae_subvault_shop_adworks],
          minmay_misc_feat_plants, uniq_ijyb

Skill      XL: |  1  2  3  4 |
---------------+-------------+-----
Axes           | 3 4 5 |  5.4
Fighting       | |  2.0
Throwing       | |  1.0
Armour         | |  1.1
Dodging        | |  2.1
Spellcasting   | |  2.0
Translocations | |  2.4

Action                   |  1- 3 |  4- 6 || total
-------------------------+-------+-------++-------
Melee: Hand axe          |    75 |    41 ||   116
       Kick              |    20 |     7 ||    27
       Peck              |     6 |     8 ||    14
       Punch             |     1 |       ||     1
Throw: Boomerang         |     7 |       ||     7
  Use: Scroll            |     8 |     2 ||    10
Armor: Leather armour    |    12 |     2 ||    14
Dodge: Dodged            |    33 |    21 ||    54

Table legend:
 A = Non-vault XP
 B = Vault XP
 C = Vault XP percentage of total XP
 D = Non-vault monster count
 E = Vault monster count
 F = Vault count percentage of total count
                 A         B        C        D         E       F
            +---------+---------+-------+---------+---------+-------
      Total |     123 |      34 |  21.7 |      47 |       2 |   4.1
            +---------+---------+-------+---------+---------+-------
        D:1 |      40 |       2 |   4.8 |      25 |       1 |   3.8
        D:2 |      71 |       0 |   0.0 |      15 |       0 |   0.0
        D:3 |      12 |      32 |  72.7 |       7 |       1 |  12.5
            +---------+---------+-------+---------+---------+-------
